cohdb
Replays
Latest Replays
All Replays
Popular Replays
Top Player Replays
Match Explorer
How It Works
Community
CoH3 Stats
Reddit
Sign in to upload your games and track your stats! →
Sign in with Steam
Match 40503420
Unlisted
Match 40503420
Overview
Messages
Build Orders
End
Construct Section Command Post
Dingo Light Scout Car
Vickers Machine Gun Team
Infantry Section
ML 3-inch Mortar Team
Infantry Section
Infantry Section
Construct Platoon Command Post
Unlock M3 Stuart Light Tanks
M3 Stuart Light Tank
Vickers Machine Gun Team
Construct Company Command Post
Foot Guards Section
Crusader II Medium Tank
Selects Canadian Shock Battlegroup
Selects Attacking Spirit
Selects Incendiary Munitions
Selects Canadian Shock Section
Selects Pyrotechnics
Construct Field Infirmary
Matilda II Heavy Tank
Grenade Package
Selects Churchill Crocodile Heavy Tank
Crusader II Medium Tank
Infantry Training
kex1710
Hue
从心
Turtleboy
GreyFox_13
drunk SHARK :/
0
0
Comments
sign in to comment!
No comments posted yet!